Map: Washout LE

Players

Harkon

  • Race: Protoss Protoss
  • League: Master
  • Spawn Location: 7:00

RipNHammer - Winner!

  • Race: Terran Terran
  • League: Master
  • Spawn Location: 1:00

VOD

Have the link to the VOD?

Description

Time

  • Played on: Sept. 7, 2026, 8:46 a.m.
  • Length: 7:46
Show
View Real Time Build Order
Export as new Build Order

Harkon Protoss 

Build Orders: Colossus Rush 

Get SALT Encoding   

  8  0:02  Probe  
  9  0:14  Probe  
  10  0:26  Probe  
  11  0:38  Pylon, Probe  
  12  0:51  Probe (Chrono Boost)  
  12  0:56  Gateway  
  13  1:03  Probe (Chrono Boost)  
  14  1:08  Probe (Chrono Boost)  
  15  1:18  Probe  
  16  1:20  Pylon  
  16  1:30  Probe (Chrono Boost)  
  17  1:38  Assimilator  
  18  1:40  Probe (Chrono Boost)  
  18  1:43  Zealot  
  18  1:45  Probe (Chrono Boost)  
  21  1:55  Cybernetics Core  
  21  1:56  Probe  
  22  2:08  Probe  
  22  2:09  Zealot (Chrono Boost)  
  25  2:22  Probe  
  26  2:32  Stalker  
  28  2:50  Probe  
  29  2:53  Assimilator, Pylon  
  29  2:59  Warp Gate  
  29  3:11  Probe, Stalker  
  29  3:12  Nexus  
  31  3:24  Probe  
  32  3:35  Robotics Facility  
  32  3:36  Probe  
  33  3:48  Probe  
  34  4:00  Probe, Pylon  
  35  4:06  Gateway  
  35  4:07  Gateway  
  35  4:19  Probe  
  35  4:21  Pylon  
  35  4:23  Robotics Bay  
  34  4:33  Immortal (Chrono Boost)  
  34  4:34  Probe (Chrono Boost)  
  39  4:42  Probe (Chrono Boost)  
  39  4:46  Probe (Chrono Boost)  
  40  4:53  Probe (Chrono Boost)  
  40  4:54  Probe (Chrono Boost)  
  40  4:56  Stalker  
  43  5:03  Probe  
  44  5:12  Probe  
  45  5:15  Probe  
  46  5:24  Colossus (Chrono Boost)  
  46  5:25  Probe  
  46  5:27  Probe  
  54  5:37  Probe  
  54  5:38  Stalker  
  54  5:39  Probe  
  58  5:44  Extended Thermal Lance (Chrono Boost)  
  58  5:49  Probe  
  59  5:50  Pylon  
  57  6:17  Stalker  
  58  6:19  Probe x2  
  58  6:24  Pylon  
  60  6:25  Zealot x2  
  60  6:31  Probe x2, Nexus  
  66  6:40  Sentry  
  66  6:43  Probe x2  
  70  6:56  Colossus (Chrono Boost)  
  70  6:58  Gateway  
  70  7:00  Gateway  
  70  7:01  Gateway x2, Probe x2  
  78  7:08  Pylon, Assimilator  
  78  7:13  Probe  
  79  7:20  Twilight Council  
  79  7:22  Forge  
  79  7:26  Forge  
  65  7:31  Zealot x3  
Show
View Real Time Build Order
Export as new Build Order

RipNHammer Terran - Winner!

Build Orders:  

Get SALT Encoding   

  8  0:00  SCV  
  9  0:12  SCV  
  10  0:24  SCV  
  11  0:37  SCV  
  11  0:38  Supply Depot  
  12  0:49  SCV  
  13  0:55  Refinery  
  13  1:01  SCV  
  14  1:06  Barracks  
  14  1:13  SCV  
  15  1:28  SCV  
  16  1:40  SCV  
  17  1:58  Reaper, Orbital Command  
  18  2:12  Supply Depot  
  18  2:20  Bunker  
  17  2:32  Marine  
  17  2:34  SCV  
  17  2:35  Barracks  
  19  2:46  SCV  
  19  2:47  Engineering Bay  
  20  2:58  SCV  
  21  3:10  Barracks Reactor, SCV, Supply Depot  
  22  3:23  SCV  
  23  3:30  Command Center  
  23  3:35  SCV  
  23  3:36  Barracks Tech Lab  
  23  3:37  Refinery  
  24  3:48  SCV  
  24  3:55  Marauder, Concussive Shells  
  26  3:56  Barracks  
  26  3:57  Marine  
  26  3:58  Marine  
  26  4:02  SCV  
  29  4:14  SCV  
  29  4:15  Marine  
  29  4:16  Marine  
  32  4:19  Marauder  
  34  4:29  SCV  
  35  4:35  Marine x2  
  37  4:42  SCV  
  38  4:47  Barracks Tech Lab  
  38  4:48  Stimpack, Orbital Command  
  38  4:54  Marine x2  
  38  4:55  Factory  
  40  5:02  Marauder  
  42  5:07  Marine  
  42  5:12  Supply Depot  
  43  5:17  Orbital Command  
  43  5:18  Marine  
  44  5:23  Marauder  
  44  5:27  Marine, Marauder  
  49  5:32  Combat Shield  
  49  5:38  Supply Depot  
  49  5:43  SCV  
  49  5:44  SCV  
  51  5:50  Marauder  
  51  5:55  Marauder  
  55  6:03  Marine  
  55  6:04  Marine  
  55  6:05  SCV  
  55  6:06  SCV  
  58  6:12  Marauder  
  58  6:17  Marauder  
  61  6:20  Starport  
  61  6:21  Marine  
  61  6:22  Factory Reactor  
  61  6:25  Supply Depot  
  62  6:31  SCV  
  62  6:32  SCV  
  64  6:35  Starport  
  64  6:43  SCV  
  64  6:46  Supply Depot  
  65  6:51  Marine x3, Marauder  
  70  6:54  SCV  
  71  7:03  SCV  
  72  7:08  Medivac  
  72  7:09  Medivac  
  72  7:10  Barracks  
  76  7:15  Marine  
  76  7:16  Marine, Marauder, SCV  
  76  7:17  SCV  
  76  7:20  Supply Depot  
  76  7:21  Barracks Reactor  
  82  7:28  SCV  
Tags
 
Matchup
PvT
Replay Pack
RipNHammer
Spawn Locations
Cross Positions
Add a new tag
Caveats
  • Supply blocks, unpowered buildings, or Contaminate may cause inaccurate times.
  • Supply counts are checked every 10 seconds.